 Dungeon Crawl Stone Soup version 0.28.0-1-gb440e238dd (console) character file.

Game seed: 8366757227836602339

266 jejorda2 the Cutter (level 6, 0/49 HPs)
             Began as a Vine Stalker Berserker on Feb 21, 2022.
             Was a Believer of Trog.
             Slain by a jelly (1 damage)
             ... in a sewer.
             The game lasted 00:09:47 (2376 turns).

jejorda2 the Cutter (Vine Stalker Berserker)        Turns: 2376, Time: 00:09:47

Health: 0/49       AC: -1    Str: 22    XL:     6   Next: 20%
Magic:  0/7        EV:  8    Int:  7    God:    Trog [**....]
Gold:   96         SH:  0    Dex: 13    Spells: 5/5 levels left

rFire   . . .      SeeInvis .   a - +0 dagger (vamp)
rCold   + . .      Faith    .   (no shield)
rNeg    . . .      Spirit   +   k - +1 chain mail
rPois   .          Reflect  .   (no helmet)
rElec   .          Harm     .   (no cloak)
rCorr   .          Rampage  .   (no gloves)
Will    .....                   (no boots)
Stlth   ..........              (no amulet)
HPRegen 0.96/turn               b - ring of protection from cold
MPRegen 0.10/turn               o - ring of flight

@: berserking, corroded, flying, very quick
A: fangs 2, regeneration 1, magic shield, antimagic bite, no potion heal 2
a: Renounce Religion, Berserk, Trog's Hand


You were in a sewer.
You worshipped Trog.
Trog was pleased with you.
You visited 1 branch of the dungeon, and saw 4 of its levels.
You also visited: Sewer.

You collected 96 gold pieces.

Inventory:

Hand Weapons
 a - a +0 vampiric dagger (weapon)
Missiles
 d - 82 stones (quivered)
 f - 4 javelins
Armour
 k - a +1 chain mail (worn)
Jewellery
 b - a ring of protection from cold (left hand)
 o - a ring of flight (right hand)
 q - a +6 ring of dexterity
 s - a ring of see invisible
Scrolls
 h - 4 scrolls of identify
 p - a scroll of brand weapon
Potions
 c - 2 potions of brilliance {unknown}
 e - a potion of attraction {unknown}
 g - a potion of invisibility {unknown}
 i - a potion of ambrosia {unknown}
 j - 2 potions of degeneration {unknown}
 l - 4 potions of curing
 m - 2 potions of haste {unknown}
 r - 4 potions of heal wounds {unknown}
 u - a potion of magic {unknown}
 x - a potion of might {unknown}


   Skills:
 + Level 3.8 Fighting
 * Level 4.7 Short Blades
 + Level 2.8 Armour
 - Level 1.5 Dodging


You had 5 spell levels left.
You didn't know any spells.
Your spell library was empty.

Dungeon Overview and Level Annotations

Branches:
Dungeon (4/15)              Sewer (1/1)
 Temple: D:4-7

Altars:
Okawaru


Innate Abilities, Weirdness & Mutations

You have extremely sharp teeth.
Your natural rate of healing is unusually fast.
When hurt, damage is shared between your health and your magic reserves.
Your bite disrupts and absorbs the magic of your enemies.
Potions cannot restore your health.


Message History

You hit the jelly.
You feel better. The acid corrodes you!
Your hands burn!
The jelly is moderately wounded.
You barely miss the jelly. You bite the jelly. You drain its power.
The jelly is heavily wounded.
The jelly hits you but does no damage.
You hit the jelly.
You feel better.
Your hands burn!
The jelly is heavily wounded.
The jelly hits you. The acid corrodes you!
You are splashed with acid!
You hit the jelly but do no damage.
Your hands burn!
The jelly is heavily wounded.
The jelly closely misses you.
You are too injured to fight recklessly!
You are too injured to fight recklessly!
You hit the jelly but do no damage.
Your hands burn!
You bite the jelly, but do no damage.
The jelly is heavily wounded.
The jelly hits you but does no damage.
You hit the jelly but do no damage.
Your hands burn!
You bite the jelly. You drain its power.
You feel invigorated.
The jelly is severely wounded.
A red film seems to cover your vision as you go berserk!
You feel yourself moving faster!
You feel mighty! The jelly hits you. The acid corrodes you!
You are splashed with acid!
* * * LOW HITPOINT WARNING * * *
You hit the jelly but do no damage.
Your hands burn!
* * * LOW HITPOINT WARNING * * *
You bite the jelly, but do no damage.
The jelly is severely wounded.
The jelly hits you.
You are splashed with acid.
* * * LOW HITPOINT WARNING * * *
You hit the jelly but do no damage.
Your hands burn!
* * * LOW HITPOINT WARNING * * *
The jelly is severely wounded.
The jelly barely misses you.
You hit the jelly but do no damage.
Your hands burn!
* * * LOW HITPOINT WARNING * * *
You bite the jelly, but do no damage.
The jelly is severely wounded.
The jelly hits you.
You die...

##≈....≈# ##≈≈
####≈.≈..≈≈≈##≈.≈
##..≈≈..###≈≈.≈≈≈.
####≈≈.≈..##.##≈....#
###≈.≈≈†##≈.#[..##≈...#
#..≈...###..##..≈≈†.≈.#
#_....≈# #.≈.##.≈....≈.
#..≈...# ##∩≈.≈.≈≈.≈#..
#####.@## ##≈≈≈.#≈..##≈
#≈.J# ######≈≈## #
#.≈≈≈# ...# ###.≈.≈.
...## ##≈≈≈.≈≈...##
##≈...≈## #!?!# ####


You could see a jelly.

Vanquished Creatures
  A phantom (D:4)
  An orc wizard (D:3)
  8 adders
  4 worms
  2 dart slugs (D:1)
  4 orcs (D:3)
  4 bats
  11 endoplasms
  2 giant cockroaches
  9 goblins
  6 hobgoblins
  4 jackals (D:1)
  10 ball pythons
  2 frilled lizards
  5 kobolds
  7 rats
80 creatures vanquished.

Notes
Turn   | Place    | Note
-------+----------+-------------------------------------------
     0 | D:1      | jejorda2 the Vine Stalker Berserker began the quest for the
                  | Orb.
     0 | D:1      | Reached XP level 1. HP: 11/11 MP: 2/2
   154 | D:1      | Reached XP level 2. HP: 16/16 MP: 3/3
   160 | D:1      | Reached skill level 3 in Short Blades
   423 | D:1      | Reached XP level 3. HP: 19/20 MP: 4/4
   631 | D:1      | Reached ** piety under Trog
  1224 | D:3      | Found a faded altar of an unknown god.
  1380 | D:3      | Gained mutation: Your natural rate of healing is unusually
                  | fast. [Vine Stalker growth]
  1380 | D:3      | Reached XP level 4. HP: 23/24 MP: 5/5
  1535 | D:3      | Found an iron altar of Okawaru.
  1578 | D:3      | Reached skill level 4 in Short Blades
  1765 | D:3      | Reached XP level 5. HP: 19/28 MP: 4/6
  2153 | D:4      | Noticed a phantom
  2157 | D:4      | Killed a phantom
  2158 | D:4      | Reached XP level 6. HP: 33/33 MP: 7/7
  2177 | D:4      | Found a glowing drain.
  2186 | Sewer    | Entered a sewer
  2341 | Sewer    | Found a viscous altar of Jiyva.
  2373 | Sewer    | HP: 2/49 [acid (6)]
  2376 | Sewer    | Slain by a jelly

Illustrated notes

Levels and vault maps discovered:
D:1:      tarquinn_simple_flora_water_f, layout_rooms
D:2:      layout_rooms
D:3:      layout_basic, kennysheep_okawaru_gauntlet,
          chequers_ecumenical_altar_twisty, minmay_snake_closets
D:4:      layout_basic, mainiacjoe_overflow_surrounded_room,
          cheibrodos_sewer_entry_bend, nicolae_elevator_lobby_plus,
          uniq_menkaure
Sewer:    sewer_hellmonk_slimy_pipes

Skill      XL: |  1  2  3  4 |
---------------+-------------+-----
Short Blades   | 3 4 |  4.7
Fighting       | 3 |  3.8
Armour         | 2 |  2.8
Dodging        | |  1.5

Action                   |  1- 3 |  4- 6 || total
-------------------------+-------+-------++-------
Melee: Dagger            |   118 |   145 ||   263
       Short sword       |     4 |       ||     4
       Bite              |    35 |    44 ||    79
       Punch             |     3 |     1 ||     4
Throw: Stone             |     7 |       ||     7
Invok: Berserk           |     1 |     3 ||     4
       Trog's Hand       |       |     1 ||     1
  Use: Scroll            |       |     8 ||     8
Armor: Animal skin       |     5 |       ||     5
       Scale mail        |    37 |       ||    37
       Chain mail        |    21 |    64 ||    85
Dodge: Dodged            |    68 |    42 ||   110
